 Dungeon Crawl Stone Soup version 0.24.0-123-gd5b16e6ec5 (webtiles) character file.

Game seed: 17384213247142833959, levelgen mode: deterministic

4504 FishyPogo the Magician (level 10, -9/79 HPs)
             Began as a Gnoll Skald on Dec 19, 2019.
             Was an Elder of Okawaru.
             Mangled by a komodo dragon (18 damage)
             ... on level 9 of the Dungeon.
             The game lasted 00:35:18 (7665 turns).

FishyPogo the Magician (Gnoll Skald)                Turns: 7665, Time: 00:35:19

Health: -9/79      AC: 10    Str: 19    XL:     10   Next: 39%
Magic:  13/20      EV: 16    Int: 16    God:    Okawaru [****..]
Gold:   252        SH:  4    Dex: 15    Spells: 5/23 levels left

rFire    . . .     SeeInvis .   D - +1 long sword "Hakien" {drain, *Rage rN+++ Str+3 Int+3} (curse)
rCold    . . .     Gourm    .   (no shield)
rNeg     + + +     Faith    .   q - +2 robe {MR+}
rPois    .         Spirit   .   (no helmet)
rElec    .         Reflect  +   v - +2 cloak
rCorr    +         Harm     .   J - +0 pair of gloves (curse)
MR       +....     Rnd*Rage +   y - +0 pair of boots
Stlth    +++.......             z - +4 amulet of reflection
HPRegen  0.23/turn              g - -3 ring of intelligence (curse)
MPRegen  0.17/turn              H - ring of resist corrosion

@: no status effects
A: distributed training, fangs 1, blink, strong nose
a: Blink, Heroism, Renounce Religion


You were on level 9 of the Dungeon.
You worshipped Okawaru.
Okawaru was greatly pleased with you.
You were hungry.

You visited 2 branches of the dungeon, and saw 10 of its levels.

You collected 464 gold pieces.
You spent 212 gold pieces at shops.

Inventory:

Hand Weapons
 a - a +2 hand axe of chopping
 b - a +0 shortbow of flaming
 D - the cursed +1 long sword "Hakien" (weapon) {drain, *Rage rN+++ Str+3 Int+3}
   (You bought it in a shop on level 7 of the Dungeon)

   A truly terrible weapon, it drains the life of those it strikes.
   It affects your strength (+3).
   It affects your intelligence (+3).
   It renders you almost immune to negative energy.
   It may make you go berserk in combat.
   It has a curse placed upon it.
 F - a +1 battleaxe of venom
Missiles
 f - 224 stones (quivered)
 h - 44 poisoned darts
 l - 4 silver boomerangs
 n - 113 arrows
 p - 21 boomerangs
 C - 3 throwing nets
Armour
 q - a +2 robe of magic resistance (worn)
 v - a +2 cloak (worn)
 y - a +0 pair of boots (worn)
 G - a +0 robe of cold resistance
 J - a cursed +0 pair of gloves (worn)
Jewellery
 g - a cursed -3 ring of intelligence (left hand)
 z - a +4 amulet of reflection (around neck)
 H - a ring of resist corrosion (right hand)
 M - an uncursed ring of ice {unknown}
Wands
 c - a wand of digging (3)
 o - a wand of flame (6)
 B - a wand of enslavement (4)
Scrolls
 e - 10 scrolls of identify
 i - 4 scrolls of remove curse
 j - a scroll of enchant armour {unknown}
 k - 3 scrolls of teleportation
 m - a scroll of noise {unknown}
 r - a scroll of enchant weapon {unknown}
 s - a scroll of fog {unknown}
 t - 2 scrolls of blinking {unknown}
 w - a scroll of random uselessness {unknown}
 x - a scroll of amnesia
 A - 2 scrolls of fear
 I - a scroll of holy word {unknown}
 L - a scroll of magic mapping {unknown}
Potions
 u - a potion of cancellation
 E - 3 potions of curing
 K - a potion of agility
Comestibles
 d - 15 rations


   Skills:
 + Level 7.0 Fighting
 + Level 7.0 Short Blades
 + Level 5.1 Long Blades
 + Level 5.1 Axes
 + Level 5.1 Maces & Flails
 + Level 5.1 Polearms
 + Level 5.1 Staves
 + Level 5.1 Slings
 + Level 5.1 Bows
 + Level 5.1 Crossbows
 + Level 5.1 Throwing
 + Level 5.8 Armour
 + Level 7.0 Dodging
 + Level 5.1 Stealth
 + Level 5.1 Shields
 + Level 5.1 Unarmed Combat
 + Level 7.2 Spellcasting
 + Level 4.2 Conjurations
 + Level 4.2 Hexes
 + Level 7.0 Charms
 + Level 4.2 Summonings
 + Level 4.2 Necromancy
 + Level 4.2 Translocations
 + Level 4.2 Transmutations
 + Level 4.2 Fire Magic
 + Level 4.2 Ice Magic
 + Level 4.2 Air Magic
 + Level 4.2 Earth Magic
 + Level 4.2 Poison Magic
 + Level 5.6 Invocations
 + Level 5.1 Evocations


You had 5 spell levels left.
You knew the following spells:

 Your Spells              Type           Power        Failure   Level  Hunger
a - Magic Dart            Conj           ###.         2%          1    None
c - Mephitic Cloud        Conj/Pois/Air  ###.....     6%          3    ##.....
h - Regeneration          Chrm/Necr      ###.......   3%          3    ##.....
j - Conjure Flame         Conj/Fire      ###.....     6%          3    ##.....
n - Spectral Weapon       Hex/Chrm       ###.....     3%          3    ##.....
p - Shroud of Golubria    Chrm/Tloc      ###...       1%          2    None
u - Song of Slaying       Chrm           ####....     1%          2    None
y - Infusion              Chrm           ####         1%          1    None

Your spell library contained the following spells:

 Spells                   Type           Power        Failure   Level  Hunger
 Blink                    Tloc           N/A          3%          2    None
 Call Imp                 Summ           ###.....     3%          2    None
 Slow                     Hex            ###.....     3%          2    None


Dungeon Overview and Level Annotations

Branches:
Dungeon (9/15)             Temple (1/1) D:4            Lair (0/6) D:9
    Orc: D:9-12

Altars:
Ashenzari
Cheibriados
Dithmenos
Elyvilon
Fedhas
Gozag
Hepliaklqana
Kikubaaqudgha
Makhleb
Nemelex Xobeh
Okawaru
Qazlal
Sif Muna
Trog
Uskayaw
Vehumet
Wu Jian
Xom
Yredelemnul
The Shining One

Shops:
D:7 (

Annotations:
D:4 Pikel
D:8 1 runed translucent door, maff75's ghost, novice DDFi


Innate Abilities, Weirdness & Mutations

Your experience applies equally to all skills.
You have very sharp teeth.
Your uncanny sense of smell can sniff out nearby items.
You can translocate small distances at will.


Message History

You draw out your weapon's spirit!
You closely miss the komodo dragon.
Your spectral weapon completely misses the komodo dragon.
The komodo dragon bites you!!
Your shroud falls apart!
Unknown command.
You slash the komodo dragon!
You bite the komodo dragon, but do no damage.
The komodo dragon is moderately wounded.
Your spectral weapon hits the komodo dragon.
The komodo dragon bites you!
You hit the komodo dragon but do no damage.
Your bite misses the komodo dragon.
The komodo dragon is moderately wounded.
Your spectral weapon hits the komodo dragon but does no damage.
Your spectral weapon drains the komodo dragon.
The komodo dragon bites you!!
* * * LOW HITPOINT WARNING * * *
The komodo dragon bites you!!
You die...

∆ +# .# ####.# #....#
###.#'# ###...†.###
#########
##...@(P...###....<...
#P..PPl.....#..#######
#PPPP.PPP.....##
#PPP...PPP....#
#PP(>.PPPPP..##


#PP..PPPPPPP## ##PPPPPPPPP## ########### You could see a komodo dragon and a
friendly spectral +1 long sword "Hakien" {drain, *Rage rN+++ Str+3 Int+3}.

Vanquished Creatures
  Harold (D:6)
  A hippogriff (D:7)
  Sigmund (D:4)
  Menkaure (D:7)
  Edmund (D:6)
  2 water moccasins
  A sky beast (D:8)
  A phantom (D:7)
  2 ice beasts
  An orc warrior (D:7)
  4 slaves (D:3)
  2 black bears (D:7)
  6 ogres
  A crocodile (D:8)
  A centaur (D:7)
  A big kobold (D:8)
  Blork the orc (D:4)
  4 bullfrogs
  4 scorpions
  2 water moccasin skeletons
  2 howler monkeys
  2 crimson imps
  A bullfrog zombie (D:5)
  4 hounds
  A centaur zombie (D:6)
  A jelly (D:7)
  4 orc priests
  A bullfrog skeleton (D:5)
  A centaur skeleton (D:7)
  5 orc wizards
  Ijyb (D:4)
  4 worker ants
  A hound zombie (D:6)
  A hound skeleton (D:6)
  9 adders
  A howler monkey skeleton (D:5)
  2 shadow imps
  An ooze (D:5)
  An adder skeleton (D:8)
  An adder zombie (D:5)
  A worm (D:2)
  6 leopard geckos
  18 orcs
  A ball python (D:3)
  6 bats
  5 giant cockroaches
  12 goblins
  6 hobgoblins
  13 jackals
  13 kobolds
  2 quokkas
  3 frilled lizards
  A leopard gecko zombie (D:7)
  10 rats
179 creatures vanquished.

Vanquished Creatures (others)
  2 plants (D:9)
  9 spectral weapons
11 creatures vanquished.

Grand Total: 190 creatures vanquished

Notes
Turn   | Place    | Note
-------+----------+-------------------------------------------
     0 | D:1      | FishyPogo the Gnoll Skald began the quest for the Orb.
     0 | D:1      | Reached XP level 1. HP: 20/20 MP: 6/6
    97 | D:1      | Reached XP level 2. HP: 20/26 MP: 7/7
   118 | D:1      | Learned a level 2 spell: Song of Slaying
   121 | D:1      | Learned a level 2 spell: Shroud of Golubria
   547 | D:2      | Reached XP level 3. HP: 27/31 MP: 9/9
   552 | D:2      | Learned a level 3 spell: Regeneration
   556 | D:2      | Learned a level 3 spell: Spectral Weapon
   583 | D:2      | Reached skill level 5 in Spellcasting
   664 | D:2      | Reached skill level 1 in Invocations
  1170 | D:2      | Reached skill level 1 in Long Blades
  1170 | D:2      | Reached skill level 1 in Axes
  1170 | D:2      | Reached skill level 1 in Maces & Flails
  1170 | D:2      | Reached skill level 1 in Polearms
  1170 | D:2      | Reached skill level 1 in Staves
  1170 | D:2      | Reached skill level 1 in Slings
  1170 | D:2      | Reached skill level 1 in Bows
  1170 | D:2      | Reached skill level 1 in Crossbows
  1170 | D:2      | Reached skill level 1 in Throwing
  1170 | D:2      | Reached skill level 1 in Stealth
  1170 | D:2      | Reached skill level 1 in Shields
  1170 | D:2      | Reached skill level 1 in Unarmed Combat
  1170 | D:2      | Reached skill level 1 in Evocations
  1186 | D:2      | Found a sacrificial altar of Ru.
  1190 | D:2      | Found a shimmering altar of Xom.
  1190 | D:2      | Found a radiant altar of Vehumet.
  1193 | D:2      | Found a shimmering altar of Xom.
  1193 | D:2      | Found a hide-covered altar of Uskayaw.
  1193 | D:2      | Found a basalt altar of Yredelemnul.
  1402 | D:3      | Reached XP level 4. HP: 38/38 MP: 4/11
  1503 | D:3      | Reached skill level 1 in Conjurations
  1503 | D:3      | Reached skill level 1 in Hexes
  1503 | D:3      | Reached skill level 1 in Summonings
  1503 | D:3      | Reached skill level 1 in Necromancy
  1503 | D:3      | Reached skill level 1 in Translocations
  1503 | D:3      | Reached skill level 1 in Transmutations
  1503 | D:3      | Reached skill level 1 in Fire Magic
  1503 | D:3      | Reached skill level 1 in Ice Magic
  1503 | D:3      | Reached skill level 1 in Air Magic
  1503 | D:3      | Reached skill level 1 in Earth Magic
  1503 | D:3      | Reached skill level 1 in Poison Magic
  1646 | D:3      | Reached XP level 5. HP: 40/43 MP: 9/12
  2101 | D:3      | Noticed an ogre
  2108 | D:3      | Killed an ogre
  2108 | D:3      | Reached XP level 6. HP: 50/50 MP: 3/14
  2440 | D:4      | Noticed a water moccasin
  2452 | D:4      | Killed a water moccasin
  2452 | D:4      | Reached skill level 5 in Fighting
  2452 | D:4      | Reached skill level 5 in Short Blades
  2452 | D:4      | Reached skill level 5 in Dodging
  2472 | D:4      | Reached XP level 7. HP: 38/56 MP: 0/15
  2512 | D:4      | Noticed Sigmund
  2586 | D:4      | Killed Sigmund
  2635 | D:4      | Noticed Pikel
  2756 | D:4      | Noticed Ijyb
  2780 | D:4      | Killed Ijyb
  3367 | D:4      | Gained mutation: You can translocate small distances at
                  | will. [potion of mutation]
  3367 | D:4      | Gained mutation: Your magical capacity is low. (-10% MP)
                  | [potion of mutation]
  3367 | D:4      | Lost mutation: Your magical capacity is low. (-10% MP)
                  | [potion of mutation]
  3417 | D:4      | HP: 2/56 [Pikel/+1 whip of electrocution (1)]
  3757 | D:4      | HP: 1/56 [Pikel/+1 whip of electrocution (3)]
  3900 | D:4      | Noticed Blork the orc
  3922 | D:4      | Killed Blork the orc
  3944 | D:4      | Found a staircase to the Ecumenical Temple.
  3950 | Temple   | Entered the Ecumenical Temple
  4241 | Temple   | Became a worshipper of Warmaster Okawaru
  4301 | D:5      | Entered Level 5 of the Dungeon
  4373 | D:5      | Reached XP level 8. HP: 62/63 MP: 11/16
  4475 | D:5      | Found a glowing golden altar of the Shining One.
  5052 | D:5      | Found a hazy altar of Hepliaklqana.
  5052 | D:5      | Found a snail-covered altar of Cheibriados.
  5057 | D:5      | Found a shimmering blue altar of Sif Muna.
  5059 | D:5      | Found a burning altar of Makhleb.
  5060 | D:5      | Found a blossoming altar of Fedhas.
  5226 | D:6      | Noticed Edmund
  5235 | D:6      | Killed Edmund
  5235 | D:6      | Reached * piety under Okawaru
  5499 | D:6      | Reached XP level 9. HP: 60/69 MP: 15/18
  5526 | D:6      | Found a shattered altar of Ashenzari.
  5534 | D:6      | Learned a level 1 spell: Magic Dart
  5538 | D:6      | Learned a level 3 spell: Conjure Flame
  5542 | D:6      | Learned a level 3 spell: Mephitic Cloud
  5822 | D:6      | Reached ** piety under Okawaru
  5903 | D:7      | Noticed Harold
  5970 | D:6      | Killed Harold
  5970 | D:6      | Reached skill level 5 in Armour
  6075 | D:7      | Found Gaudio's Antique Weapon Shoppe.
  6083 | D:7      | Bought a jewelled long sword for 212 gold pieces
  6083 | D:7      | Identified the cursed +1 long sword "Hakien" {drain, *Rage
                  | rN+++ Str+3 Int+3} (You bought it in a shop on level 7 of
                  | the Dungeon)
  6089 | D:7      | Found a bloodstained altar of Trog.
  6103 | D:7      | Reached *** piety under Okawaru
  6103 | D:7      | Reached skill level 5 in Invocations
  6343 | D:7      | Reached XP level 10. HP: 69/77 MP: 16/20
  6554 | D:7      | Noticed Menkaure
  6566 | D:7      | Killed Menkaure
  6746 | D:8      | You fall into a shaft and drop 1 floor!
  6814 | D:8      | Reached **** piety under Okawaru
  6814 | D:8      | Reached skill level 5 in Long Blades
  6814 | D:8      | Reached skill level 5 in Axes
  6814 | D:8      | Reached skill level 5 in Maces & Flails
  6814 | D:8      | Reached skill level 5 in Polearms
  6814 | D:8      | Reached skill level 5 in Staves
  6814 | D:8      | Reached skill level 5 in Slings
  6814 | D:8      | Reached skill level 5 in Bows
  6814 | D:8      | Reached skill level 5 in Crossbows
  6814 | D:8      | Reached skill level 5 in Throwing
  6814 | D:8      | Reached skill level 5 in Stealth
  6814 | D:8      | Reached skill level 5 in Shields
  6814 | D:8      | Reached skill level 5 in Unarmed Combat
  6814 | D:8      | Reached skill level 5 in Evocations
  6956 | D:8      | Found a runed translucent door.
  6956 | D:8      | Found a shimmering altar of Xom.
  6956 | D:8      | Noticed maff75's ghost (novice DDFi)
  6956 | D:8      | Noticed a +1 dagger of chaos
  7635 | D:9      | Found a staircase to the Lair.
  7665 | D:9      | Mangled by a komodo dragon

Levels and vault maps discovered:
D:1:      dpeg_arrival_rooms_with_view, layout_rooms,
          ebering_dispersal_statue_hall
D:2:      layout_loops_corners, doesnt_xom_only_xom
D:3:      layout_loops_corners, supply_closet_lemuel
D:4:      layout_basic, temple_green, first_ration, uniq_blork_the_orc,
          uniq_ijyb, uniq_pikel, uniq_sigmund
D:5:      layout_basic, nicolae_tso_carved_into_rock,
          chequers_temple_overflow_minitemple
D:6:      layout_gridville, basic_altar, uniq_edmund
D:7:      layout_basic, trog_ov_bears_minmay, serial_shops, shop, uniq_menkaure,
          uniq_harold
D:8:      layout_basic, ebering_ghost_xom
D:9:      layout_roguey, zin_angel, nicolae_ru_path_of_blood,
          david_lair_shrubbed, gammafunk_ghost_spectres
Temple:   oiseaux_autumnal_temple

Skill      XL: |  1  2  3  4  5  6  7  8  9 10 |
---------------+-------------------------------+-----
Spellcasting   | 5 6 7 |  7.2
Invocations    | 1 2 3 4 5 |  5.6
Long Blades    | 1 2 3 4 5 |  5.1
Axes           | 1 2 3 4 5 |  5.1
Maces & Flails | 1 2 3 4 5 |  5.1
Polearms       | 1 2 3 4 5 |  5.1
Staves         | 1 2 3 4 5 |  5.1
Slings         | 1 2 3 4 5 |  5.1
Bows           | 1 2 3 4 5 |  5.1
Crossbows      | 1 2 3 4 5 |  5.1
Throwing       | 1 2 3 4 5 |  5.1
Stealth        | 1 2 3 4 5 |  5.1
Shields        | 1 2 3 4 5 |  5.1
Unarmed Combat | 1 2 3 4 5 |  5.1
Evocations     | 1 2 3 4 5 |  5.1
Conjurations   | 1 2 3 4 |  4.2
Hexes          | 1 2 3 4 |  4.2
Summonings     | 1 2 3 4 |  4.2
Necromancy     | 1 2 3 4 |  4.2
Translocations | 1 2 3 4 |  4.2
Transmutations | 1 2 3 4 |  4.2
Fire Magic     | 1 2 3 4 |  4.2
Ice Magic      | 1 2 3 4 |  4.2
Air Magic      | 1 2 3 4 |  4.2
Earth Magic    | 1 2 3 4 |  4.2
Poison Magic   | 1 2 3 4 |  4.2
Armour         | 3 4 5 |  5.8
Fighting       | 5 6 7 |  7.0
Short Blades   | 5 6 7 |  7.0
Dodging        | 5 6 7 |  7.0
Charms         | 6 7 |  7.0

Action                   |  1- 3 |  4- 6 |  7- 9 | 10-12 || total
-------------------------+-------+-------+-------+-------++-------
Melee: Short sword       |   126 |   100 |   231 |       ||   457
       Bite              |     8 |     8 |    38 |    12 ||    66
       Punch             |       |       |     3 |     5 ||     8
       Hand axe          |       |       |   111 |       ||   111
       Long sword        |       |       |    25 |    86 ||   111
 Fire: Shortbow          |       |       |     8 |       ||     8
Throw: Stone             |     8 |     2 |     8 |       ||    18
 Cast: Infusion          |     2 |     2 |     6 |       ||    10
       Shroud of Golubri |     4 |     9 |    27 |     4 ||    44
       Spectral Weapon   |     3 |     6 |    32 |    11 ||    52
       Song of Slaying   |     1 |     3 |     3 |     2 ||     9
       Regeneration      |       |     2 |    22 |       ||    24
       Magic Dart        |       |       |     1 |       ||     1
 Abil: Blink             |       |       |     1 |       ||     1
Evoke: Wand              |       |       |     5 |       ||     5
  Use: Scroll            |       |     5 |     1 |     1 ||     7
       Potion            |       |       |     8 |       ||     8
 Stab: Sleeping          |     1 |     3 |     5 |     1 ||    10
       Distracted        |       |       |     5 |       ||     5
  Eat: Chunk             |     2 |     4 |    13 |     4 ||    23
       Ration            |       |       |     2 |       ||     2
Armor: Leather armour    |    23 |    24 |    23 |       ||    70
       Skin              |       |       |    66 |       ||    66
       Robe              |       |       |    57 |    27 ||    84
Dodge: Dodged            |   107 |    59 |   224 |    64 ||   454
       Rpst.: Long sword |       |       |     8 |    21 ||    29
